 Dungeon Crawl Stone Soup version 0.29.0 (webtiles) character file.

Game seed: 7727858192936862046

24606 kaikaun the Prestidigitator (level 13, -17/156 HPs)
             Began as a Gnoll Cinder Acolyte on Sept 1, 2022.
             Was a Believer of Ignis.
             Demolished by a minotaur
             ... wielding the +7 whip of the Crushed Thickets {venom, *Noise Int+8 SInv Stlth+}
              (33 damage)
             ... in a Gauntlet.
             The game lasted 01:08:09 (16405 turns).

kaikaun the Prestidigitator (Gnoll Cinder Acolyte) Turns: 16405, Time: 01:08:12

Health: -17/156    AC: 17    Str: 14    XL:     13   Next: 14%
Magic:  26/34      EV: 14    Int: 21    God:    Ignis [**....]
Gold:   931        SH:  6    Dex: 11    Spells: 16/29 levels left

rFire   + . .      SeeInvis .   b - +3 scimitar (venom)
rCold   + + +      Faith    .   t - +0 buckler
rNeg    + . .      Spirit   .   g - +0 troll leather armour of Repulsion {rC+ Regen+ MP+9}
rPois   .          Reflect  .   (no helmet)
rElec   .          Harm     .   s - +0 cloak "Xaillire" {rN+ Slay+3}
rCorr   +          Rampage  .   i - +0 pair of gloves of the Centipede {rC+ rCorr}
Will    +....      NoTele   +   j - +1 pair of boots "Viggy" {rC+}
Stlth   ..........              B - amulet of regeneration
HPRegen 1.96/turn               o - ring of willpower
MPRegen 0.24/turn               l - +6 ring of intelligence

@: berserking, lethally poisoned (-17 -> -36), fiery-armoured, studying 2
skills, very quick
A: fangs 1, strong nose, distributed training
a: Renounce Religion, Fiery Armour, Foxfire Swarm, Rising Flame


You were in a Gauntlet.
You worshipped Ignis.
Ignis was pleased with you.
You visited 3 branches of the dungeon, and saw 14 of its levels.
You also visited: Gauntlet.

You collected 931 gold pieces.

Inventory:

Hand Weapons
 a - a +0 sling
 b - a +3 scimitar of venom (weapon)
 c - a -1 falchion of flaming
 h - the +2 glaive of Feek {protect, rC+ Stlth+}
   (You found it in a Gauntlet)

   It grants its wielder temporary protection when it strikes (+7 to AC).
   rC:        It protects you from cold.
   Stlth:     It makes you more stealthy.
 w - a +2 dagger of draining
Missiles
 D - 21 poisoned darts
 N - a throwing net
Armour
 g - the +0 troll leather armour of Repulsion (worn) {rC+ Regen+ MP+9}
   (You found it in a Gauntlet)

   rC:        It protects you from cold.
   MP:        It affects your magic capacity (+9).
   Regen:     It increases your rate of health regeneration.
 i - the +0 pair of gloves of the Centipede (worn) {rC+ rCorr}
   (You found it in a Gauntlet)

   rC:        It protects you from cold.
   rCorr:     It protects you from acid and corrosion.
 j - the +1 pair of boots "Viggy" (worn) {rC+}
   (You found it on level 11 of the Dungeon)

   rC:        It protects you from cold.
 p - the +1 plate armour "Vawuhu" {rPois Will++ Str+4 Int-3}
   (You found it in a Gauntlet)

   Str:       It affects your strength (+4).
   Int:       It affects your intelligence (-3).
   rPois:     It protects you from poison.
   Will:      It greatly increases your willpower.
 s - the +0 cloak "Xaillire" (worn) {rN+ Slay+3}
   (You found it in a Gauntlet)

   Slay:      It affects your accuracy & damage with ranged weapons and melee
   (+3).
   rN:        It protects you from negative energy.
 t - a +0 buckler (worn)
 M - a +0 cloak
 S - a +0 troll leather armour
 Y - a +0 pair of gloves
Magical Staves
 d - a staff of fire
Jewellery
 l - a +6 ring of intelligence (right hand)
 o - a ring of willpower (left hand)
 B - an amulet of regeneration (around neck)
 U - a ring of fire
Wands
 e - a wand of roots (6)
 r - a wand of digging (9)
 K - a wand of paralysis (19)
 R - a wand of flame (11)
 T - a wand of quicksilver (3)
 X - a wand of mindburst (13)
Scrolls
 f - a scroll of summoning
 n - a scroll of fear {unknown}
Potions
 k - 9 potions of curing
 m - 2 potions of might
 q - 5 potions of haste
 u - a potion of resistance
 H - a potion of heal wounds
 L - a potion of berserk rage


   Skills:
 + Level 10.6 Fighting
 + Level 8.3 Short Blades
 + Level 10.6 Long Blades
 + Level 10.7 Axes
 + Level 8.3 Maces & Flails
 + Level 8.3 Polearms
 + Level 8.3 Staves
 + Level 8.3 Ranged Weapons
 + Level 8.3 Throwing
 + Level 8.3 Armour
 + Level 8.3 Dodging
 + Level 8.3 Stealth
 + Level 8.3 Shields
 + Level 8.3 Unarmed Combat
 + Level 8.8 Spellcasting
 + Level 6.9 Conjurations
 + Level 6.9 Hexes
 + Level 6.9 Summonings
 + Level 6.9 Necromancy
 + Level 6.9 Translocations
 + Level 6.9 Transmutations
 + Level 8.9 Fire Magic
 + Level 6.9 Ice Magic
 + Level 6.9 Air Magic
 + Level 6.9 Earth Magic
 + Level 6.9 Poison Magic
 + Level 9.1 Invocations
 + Level 11.3 Evocations


You had 16 spell levels left.
You knew the following spells:

 Your Spells              Type           Power      Damage    Failure   Level
a - Scorch                Fire           92%        2d10      1%          2
b - Flame Wave            Conj/Fire      42%        2d11      4%          4
c - Portal Projectile     Hex/Tloc       76%        N/A       1%          3
d - Cause Fear            Hex            19%        N/A       6%          4

Your spell library contained the following spells:

 Spells                   Type           Power      Damage    Failure   Level
 Sandblast                Erth           76%        2d16      1%          1
 Passwall                 Tmut/Erth      31%        N/A       1%          2
 Call Canine Familiar     Summ           38%        N/A       1%          3
 Inner Flame              Hex/Fire       42%        N/A       1%          3
 Stone Arrow              Conj/Erth      76%        3d11      1%          3
 Tukima's Dance           Hex            38%        N/A       1%          3
 Anguish                  Hex/Necr       19%        N/A       6%          4
 Leda's Liquefaction      Hex/Erth       19%        N/A       6%          4
 Passage of Golubria      Tloc           38%        N/A       6%          4
 Yara's Violent Unravell  Hex/Tmut       19%        3d9       19%         5
 Summon Cactus Giant      Summ           19%        N/A       69%         6
 Enfeeble                 Hex            19%        N/A       99%         7
 Discord                  Hex            19%        N/A       100%        8


Dungeon Overview and Level Annotations

Branches:
Dungeon (11/15)            Temple (1/1) D:4            Lair (2/5) D:11
 Shoals (0/4) Lair:2      Gauntlet (1/1)
  Snake: Lair:2-3    Spider: Lair:2-3       Orc: D:9-12

Altars:
Ashenzari
Cheibriados
Dithmenos
Elyvilon
Fedhas
Gozag
Hepliaklqana
Kikubaaqudgha
Makhleb
Nemelex Xobeh
Okawaru
Qazlal
Ru
Sif Muna
Trog
Uskayaw
Vehumet
Wu Jian
Xom
Yredelemnul
Zin
The Shining One

Shops:
D:10 *

Annotations:
Gauntlet 10 transporters


Innate Abilities, Weirdness & Mutations

You have very sharp teeth.
Your uncanny sense of smell can sniff out nearby items.
Your experience applies equally to all skills.


Message History

The minotaur is lightly wounded. (Press . to intensify the flame waves.)
The minotaur barely misses you. The minotaur gores you!
A protective cloak of flame settles atop you.
The minotaur hits you with the +7 whip of the Crushed Thickets {venom, *Noise Int+8 SInv Stlth+}!!
The minotaur gores you.
Unknown command.
Your +3 scimitar of venom begins to drip with poison!
b - a +3 scimitar of venom (weapon)
The minotaur hits you with the +7 whip of the Crushed Thickets {venom, *Noise Int+8 SInv Stlth+}!!
You are poisoned.
You block the minotaur's attack.
A red film seems to cover your vision as you go berserk!
You feel yourself moving faster!
You feel mighty!
You feel very sick.
The minotaur hits you with the +7 whip of the Crushed Thickets {venom, *Noise Int+8 SInv Stlth+}!
You are more poisoned.
The minotaur gores you!
You slash the minotaur!
The minotaur is poisoned.
The minotaur is moderately wounded.
You feel very sick.
You slash the minotaur!
The minotaur looks as sick as possible!
You bite the minotaur, but do no damage.
The minotaur is moderately wounded.
You feel very sick.
The minotaur hits you with the +7 whip of the Crushed Thickets {venom, *Noise Int+8 SInv Stlth+}!!
* * * LOW HITPOINT WARNING * * *
You are lethally poisoned!
You block the minotaur's attack.
You hit the minotaur.
The minotaur is heavily wounded.
* * * LOW HITPOINT WARNING * * *
You feel very sick.
Unknown command.
You hit the minotaur but do no damage.
The minotaur looks as sick as possible!
The minotaur is heavily wounded.
* * * LOW HITPOINT WARNING * * *
You feel very sick.
The minotaur hits you with the +7 whip of the Crushed Thickets {venom, *Noise Int+8 SInv Stlth+}!!
You die...

...##.#..# ###.#.#..#####
#.##..#..#≈8§#
.©....#..#...##########
#.##..####.8.#........####
###.#.#©.....#.######....#
...##.####.8.#......####.#
.©....#..#...#.#.##....#.#
#######..#.8.#.#@# #.#.#
........≈#...#.#H# #.#
........∩#.8...#.. ∆ #.#
........≈#...#.#.#⌠ #.#
#######..#.8.#.#.### #.#
?©:[..#..#...#.#.# #.#
#.#...####.8.#.#.. ####.#
.#....#©.....#.### #....#
.#..#.####.8.#.. #.####


You could see a minotaur (extremely poisoned, combustible).

Vanquished Creatures
  A quicksilver ooze (Gauntlet)
  A hydra (Lair:2)
  A two-headed ogre (D:10)
  2 thrashing horrors (Gauntlet)
  Urug (D:10)
  Pikel (D:8)
  An orc knight (D:11)
  Joseph (D:10)
  An ice statue (Gauntlet)
  A torpor snail (Lair:1)
  2 centaur zombies (D:10)
  2 black mambas (Lair:2)
  An unseen horror (D:10)
  An unseen horror zombie (D:10)
  2 komodo dragons (Lair:2)
  2 gargoyles
  2 rime drakes
  Maggie (D:7)
  4 trolls
  4 dream sheep (Lair:1)
  A hornet (D:9)
  3 small abominations (Gauntlet)
  2 shadows (D:10)
  2 vampires (D:10)
  31 yaks
  3 wraiths (D:10)
  2 basilisks (Lair:1)
  2 wyverns
  2 steam dragons
  A warg (D:11)
  4 swamp worms (D:11)
  16 water moccasins
  3 ice beasts
  2 sky beasts
  4 orc warriors
  4 ogres
  5 centaurs
  6 wolves
  A lemure (D:8)
  A phantom (D:4)
  2 kobold brigands
  7 bullfrogs
  2 scorpions
  A gnoll sergeant (D:10)
  2 necrophages
  8 wights
  3 killer bees (D:9)
  A howler monkey (D:5)
  A lava snake (D:10)
  5 hounds
  6 orc priests
  3 gnoll boudas
  2 iguanas
  12 orc wizards
  11 adders
  15 gnolls
  2 shadow imps (D:6)
  A white imp (D:6)
  3 ufetubi
  2 worms
  30 orcs
  8 ball pythons
  9 endoplasms
  6 giant cockroaches
  9 goblins
  6 hobgoblins
  2 jackals (D:2)
  6 quokkas
  4 bats
  3 frilled lizards
  10 kobolds
  6 rats
315 creatures vanquished.

Vanquished Creatures (others)
  2 briar patches (D:11)
  34 foxfires
  51 fungi
  68 plants
  4 withered plants (D:10)
159 creatures vanquished.

Grand Total: 474 creatures vanquished

Notes
Turn   | Place    | Note
-------+----------+-------------------------------------------
     0 | D:1      | kaikaun the Gnoll Cinder Acolyte began the quest for the
                  | Orb.
     0 | D:1      | Reached XP level 1. HP: 23/23 MP: 4/4
   243 | D:1      | Reached XP level 2. HP: 29/29 MP: 5/5
   257 | D:1      | Learned a level 2 spell: Scorch
   954 | D:1      | Found a faded altar of an unknown god.
   982 | D:1      | Reached XP level 3. HP: 33/35 MP: 1/7
  1447 | D:2      | Reached skill level 1 in Invocations
  1455 | D:2      | Reached skill level 1 in Short Blades
  1455 | D:2      | Reached skill level 1 in Axes
  1455 | D:2      | Reached skill level 1 in Maces & Flails
  1455 | D:2      | Reached skill level 1 in Polearms
  1455 | D:2      | Reached skill level 1 in Staves
  1455 | D:2      | Reached skill level 1 in Ranged Weapons
  1455 | D:2      | Reached skill level 1 in Throwing
  1455 | D:2      | Reached skill level 1 in Armour
  1455 | D:2      | Reached skill level 1 in Dodging
  1455 | D:2      | Reached skill level 1 in Stealth
  1455 | D:2      | Reached skill level 1 in Shields
  1455 | D:2      | Reached skill level 1 in Unarmed Combat
  1455 | D:2      | Reached skill level 1 in Evocations
  2074 | D:3      | Reached XP level 4. HP: 41/41 MP: 8/8
  2690 | D:3      | Reached skill level 1 in Conjurations
  2690 | D:3      | Reached skill level 1 in Hexes
  2690 | D:3      | Reached skill level 1 in Summonings
  2690 | D:3      | Reached skill level 1 in Necromancy
  2690 | D:3      | Reached skill level 1 in Translocations
  2690 | D:3      | Reached skill level 1 in Transmutations
  2690 | D:3      | Reached skill level 1 in Ice Magic
  2690 | D:3      | Reached skill level 1 in Air Magic
  2690 | D:3      | Reached skill level 1 in Earth Magic
  2690 | D:3      | Reached skill level 1 in Poison Magic
  3563 | D:3      | Reached XP level 5. HP: 47/47 MP: 4/9
  4145 | D:4      | Found a staircase to the Ecumenical Temple.
  4151 | Temple   | Entered the Ecumenical Temple
  4395 | D:4      | Noticed an ogre
  4397 | D:4      | Noticed an ogre
  4444 | D:4      | Killed an ogre
  4445 | D:4      | Reached XP level 6. HP: 53/53 MP: 1/11
  4472 | D:4      | Reached skill level 2 in Evocations
  4844 | D:4      | Reached XP level 7. HP: 59/59 MP: 12/12
  5226 | D:5      | Entered Level 5 of the Dungeon
  5386 | D:5      | Found a shadowy altar of Dithmenos.
  5389 | D:5      | Found a stormy altar of Qazlal.
  5645 | D:5      | Found a snail-covered altar of Cheibriados.
  5792 | D:5      | Reached skill level 3 in Evocations
  5794 | D:5      | Reached XP level 8. HP: 51/67 MP: 3/14
  5870 | D:5      | Found a sparkling altar of Nemelex Xobeh.
  7170 | D:7      | Reached skill level 4 in Evocations
  7453 | D:7      | Reached XP level 9. HP: 73/73 MP: 6/16
  7558 | D:7      | Reached skill level 5 in Spellcasting
  7740 | D:7      | Noticed Maggie
  7755 | D:7      | Killed Maggie
  7756 | D:7      | Reached skill level 5 in Evocations
  8425 | D:8      | Reached skill level 5 in Invocations
  8751 | D:8      | Noticed a troll
  8759 | D:8      | Killed a troll
  8768 | D:8      | Reached skill level 6 in Evocations
  9082 | D:8      | Reached skill level 5 in Axes
  9091 | D:8      | Reached skill level 5 in Short Blades
  9091 | D:8      | Reached skill level 5 in Maces & Flails
  9091 | D:8      | Reached skill level 5 in Polearms
  9091 | D:8      | Reached skill level 5 in Staves
  9091 | D:8      | Reached skill level 5 in Ranged Weapons
  9091 | D:8      | Reached skill level 5 in Throwing
  9091 | D:8      | Reached skill level 5 in Armour
  9091 | D:8      | Reached skill level 5 in Dodging
  9091 | D:8      | Reached skill level 5 in Stealth
  9091 | D:8      | Reached skill level 5 in Shields
  9091 | D:8      | Reached skill level 5 in Unarmed Combat
  9091 | D:8      | Reached XP level 10. HP: 63/81 MP: 8/18
  9380 | D:8      | Found a bloodstained altar of Trog.
  9381 | D:8      | Found a radiant altar of Vehumet.
  9417 | D:8      | Noticed Pikel
  9450 | D:8      | Killed Pikel
  9774 | D:9      | Reached skill level 7 in Evocations
 10039 | D:9      | Learned a level 4 spell: Flame Wave
 10834 | D:9      | Reached skill level 5 in Conjurations
 10834 | D:9      | Reached skill level 5 in Hexes
 10834 | D:9      | Reached skill level 5 in Summonings
 10834 | D:9      | Reached skill level 5 in Necromancy
 10834 | D:9      | Reached skill level 5 in Translocations
 10834 | D:9      | Reached skill level 5 in Transmutations
 10834 | D:9      | Reached skill level 5 in Ice Magic
 10834 | D:9      | Reached skill level 5 in Air Magic
 10834 | D:9      | Reached skill level 5 in Earth Magic
 10834 | D:9      | Reached skill level 5 in Poison Magic
 11003 | D:10     | Entered Level 10 of the Dungeon
 11007 | D:10     | Noticed Joseph
 11022 | D:10     | Reached skill level 8 in Evocations
 11022 | D:10     | Reached XP level 11. HP: 85/85 MP: 12/21
 11035 | D:10     | Killed Joseph
 11398 | D:10     | Found Xidifon's Assorted Antiques.
 11937 | D:10     | Reached skill level 9 in Evocations
 12068 | D:10     | Noticed Urug
 12087 | D:10     | Killed Urug
 12467 | D:10     | Noticed a two-headed ogre
 12478 | D:10     | Killed a two-headed ogre
 12652 | D:10     | Reached XP level 12. HP: 84/97 MP: 9/23
 12937 | D:11     | Identified the +0 leather armour "Ziblouwn" {rF+ Int+3}
 13012 | D:11     | Found a transporter.
 13326 | D:11     | Found a transporter.
 13477 | D:11     | Reached skill level 10 in Evocations
 13582 | D:11     | Found a staircase to the Lair.
 13958 | D:11     | Reached skill level 10 in Fighting
 13958 | D:11     | Reached skill level 10 in Long Blades
 14022 | D:11     | Identified the +1 pair of boots "Viggy" {rC+}
 14172 | D:11     | Found a sparkling altar of Nemelex Xobeh.
 14264 | Lair:1   | Entered Level 1 of the Lair of Beasts
 14342 | Lair:1   | Learned a level 3 spell: Portal Projectile
 14879 | Lair:1   | Reached skill level 10 in Axes
 15018 | Lair:1   | Identified the +1 leather armour of Qeixoku {+Blink rElec
                  | Dex+3}
 15139 | Lair:1   | Learned a level 4 spell: Cause Fear
 15498 | Lair:2   | Found a staircase to the Shoals.
 15546 | Lair:2   | Noticed a four-headed hydra
 15560 | Lair:2   | Killed a one-headed hydra
 15644 | Lair:2   | Found a gate leading to a gauntlet.
 15677 | Gauntlet | Entered a Gauntlet
 15677 | Gauntlet | Found a transporter.
 15677 | Gauntlet | Found a transporter.
 15681 | Gauntlet | Found a transporter.
 15681 | Gauntlet | Found a transporter.
 15685 | Gauntlet | Noticed a quicksilver ooze
 15693 | Gauntlet | Found a transporter.
 15708 | Gauntlet | Found a transporter.
 15717 | Gauntlet | Noticed a thrashing horror
 15718 | Gauntlet | Found a transporter.
 15718 | Gauntlet | Found a transporter.
 15729 | Gauntlet | Found a transporter.
 15735 | Gauntlet | Noticed a thrashing horror
 15753 | Gauntlet | Found a transporter.
 15775 | Gauntlet | Found a transporter.
 15820 | Gauntlet | Found a transporter.
 15834 | Gauntlet | Found a transporter.
 15951 | Gauntlet | Found a transporter.
 15967 | Gauntlet | Found a transporter.
 15978 | Gauntlet | Found a transporter.
 16092 | Gauntlet | Reached skill level 11 in Evocations
 16092 | Gauntlet | Reached XP level 13. HP: 78/104 MP: 11/25
 16100 | Gauntlet | Identified the +0 troll leather armour of Repulsion {rC+
                  | Regen+ MP+9}
 16223 | Gauntlet | Killed a quicksilver ooze
 16227 | Gauntlet | Identified the +2 glaive of Feek {protect, rC+ Stlth+}
 16229 | Gauntlet | Identified the +0 pair of gloves of the Centipede {rC+
                  | rCorr}
 16305 | Gauntlet | Identified the +1 plate armour "Vawuhu" {rPois Will++ Str+4
                  | Int-3}
 16310 | Gauntlet | Identified the +0 cloak "Xaillire" {rN+ Slay+3}
 16390 | Gauntlet | Identified the +7 whip of the Crushed Thickets {venom,
                  | *Noise Int+8 SInv Stlth+}
 16390 | Gauntlet | Noticed a minotaur
 16405 | Gauntlet | Demolished by a minotaur

Illustrated notes

Levels and vault maps discovered:
D:1:      sevenhm_arrival_forest_fort_large_2, layout_basic,
          basic_ecumenical_altar, chequers_avenue
D:2:      layout_basic, grunt_decor_arrowhead
D:3:      minmay_thinvault, layout_loops_ring, chequers_mini_garden
D:4:      kennysheep_big_flooded_room, layout_loops_cross, temple_statues
D:5:      layout_basic, lemuel_tele_altar, mainiacjoe_overflow_catwalk_spiral,
          old_standard_altar, minmay_misc_feat_square
D:6:      layout_gridville
D:7:      layout_gridville, reono_crystal_passage, minmay_misc_feat_iff,
          uniq_maggie
D:8:      layout_rooms, minitemple, uniq_pikel
D:9:      layout_stronghold, st_stairs_6
D:10:     layout_roguey, serial_undead, serial_undead_b, serial_undead_d,
          serial_undead_b, serial_undead_d, serial_shops, shop,
          minmay_misc_feat_four_crosses, kennysheep_generic_room_2, uniq_urug,
          uniq_joseph
D:11:     gammafunk_worm_tunnel, layout_rooms, due_lair_maze_entry_diamond,
          nemelex_diamond_rough_becter
Temple:   regret_index_temple_sphere_string
Lair:1:   layout_gridlike, beast_lair_carwin_10, infiniplex_staircase_pool_2,
          serial_bayou_shore_a
Lair:2:   layout_roguey, shoals_dummy_entry, nicolae_spider_entry_orb_guardian,
          gauntlet_entry_generic
Gauntlet: gammafunk_gauntlet_branching [gammafunk_gauntlet_arena_spirals,
          gammafunk_gauntlet_arena_arrow_garden, nicolae_gauntlet_arena_x,
          nicolae_gauntlet_arena_grate_2, gammafunk_gauntlet_arena_grid,
          nicolae_gauntlet_swirl, nicolae_gauntlet_arena_t_cross,
          gammafunk_gauntlet_arena_corners, dreamdust_gauntlet_exit_labyrinth]

Skill      XL: |  1  2  3  4  5  6  7  8  9 10 11 12 13 |
---------------+----------------------------------------+-----
Invocations    | 1 2 3 4 5 6 7 8 9 |  9.1
Short Blades   | 1 2 3 5 6 7 8 |  8.3
Axes           | 1 2 3 5 7 8 10 | 10.7
Maces & Flails | 1 2 3 5 6 7 8 |  8.3
Polearms       | 1 2 3 5 6 7 8 |  8.3
Staves         | 1 2 3 5 6 7 8 |  8.3
Ranged Weapons | 1 2 3 5 6 7 8 |  8.3
Throwing       | 1 2 3 5 6 7 8 |  8.3
Armour         | 1 2 3 5 6 7 8 |  8.3
Dodging        | 1 2 3 5 6 7 8 |  8.3
Stealth        | 1 2 3 5 6 7 8 |  8.3
Shields        | 1 2 3 5 6 7 8 |  8.3
Unarmed Combat | 1 2 3 5 6 7 8 |  8.3
Evocations     | 1 2 3 4 6 8 9 11 | 11.3
Spellcasting   | 3 4 5 6 7 8 |  8.8
Conjurations   | 1 2 3 4 5 6 |  6.9
Hexes          | 1 2 3 4 5 6 |  6.9
Summonings     | 1 2 3 4 5 6 |  6.9
Necromancy     | 1 2 3 4 5 6 |  6.9
Translocations | 1 2 3 4 5 6 |  6.9
Transmutations | 1 2 3 4 5 6 |  6.9
Ice Magic      | 1 2 3 4 5 6 |  6.9
Air Magic      | 1 2 3 4 5 6 |  6.9
Earth Magic    | 1 2 3 4 5 6 |  6.9
Poison Magic   | 1 2 3 4 5 6 |  6.9
Fighting       | 7 8 9 10 | 10.6
Long Blades    | 7 8 9 10 | 10.6
Fire Magic     | 6 7 8 |  8.9

Action                   |  1- 3 |  4- 6 |  7- 9 | 10-12 | 13-15 || total
-------------------------+-------+-------+-------+-------+-------++-------
Melee: Falchion          |    61 |    79 |   161 |    70 |    10 ||   381
       Bite              |     4 |     6 |    19 |    65 |     4 ||    98
       Staff             |       |     1 |       |       |       ||     1
       Dagger            |       |       |     2 |     1 |       ||     3
       Broad axe         |       |       |     1 |       |       ||     1
       Long sword        |       |       |       |   235 |       ||   235
       Scimitar          |       |       |       |   149 |    15 ||   164
 Fire: Sling             |     6 |    79 |   143 |   116 |       ||   344
 Cast: Scorch            |    14 |    24 |   104 |   182 |     7 ||   331
       Flame Wave        |       |       |       |    14 |     3 ||    17
Invok: Fiery Armour      |       |     1 |     1 |     3 |     2 ||     7
       Foxfire Swarm     |       |     1 |       |     1 |       ||     2
Evoke: Wand              |       |       |       |     2 |       ||     2
  Use: Scroll            |     2 |     2 |     3 |     8 |       ||    15
       Potion            |       |       |     1 |     1 |     2 ||     4
 Stab: Sleeping          |       |       |     1 |       |       ||     1
       Paralysed         |       |       |       |     3 |       ||     3
Armor: Leather armour    |     7 |    21 |    34 |       |       ||    62
       Steam dragon scal |       |       |    14 |   100 |       ||   114
       Troll leather arm |       |       |       |    48 |    25 ||    73
Dodge: Dodged            |    26 |    62 |   127 |   328 |    31 ||   574
Block: Buckler           |       |     7 |    51 |   145 |    17 ||   220
